 Dungeon Crawl Stone Soup version 0.19.4-9-g45fd643 (webtiles) character file.

56140 nono the Brawler (level 14, -3/117 HPs)
             Began as a Ghoul Wanderer on Feb 16, 2017.
             Was the Champion of Hepliaklqana.
             Slain by a troll (9 damage)
             ... on level 1 of the Orcish Mines.
             The game lasted 01:01:07 (15270 turns).

nono the Brawler (Ghoul Wanderer)                  Turns: 15270, Time: 01:01:08

Health: -3/117     AC: 24    Str: 21    XL:     14   Next: 80%
Magic:  17/17      EV: 10    Int:  6    God:    Hepliaklqana [******]
Gold:   1302       SH:  0    Dex: 13    Spells: 0 memorised, 13 levels left

rFire  + . .     SeeInvis .       - Unarmed
rCold  + + +     Gourm    .     Q - +3 plate armour
rNeg   + + +     Faith    +     (no shield)
rPois  ∞         Spirit   .     N - +1 helmet
rElec  +         Reflect  .     (no cloak)
rCorr  +         Harm     .     (no gloves)
MR     +....                    W - +1 pair of boots
Stlth  ..........               o - amulet of faith
                                i - +4 ring of dexterity
                                R - ring of protection from cold

@: about to teleport, resistant, rotting, slowed, studying Spellcasting, very
slow
A: rotting body, reduced essence, claws 1, carnivore 3, cold resistance 1,
negative energy resistance 3, slow regeneration 1, torment resistance,
unbreathing
a: Recall Ancestor, Ancestor Identity, Transference, Idealise, Renounce Religion


You were on level 1 of the Orcish Mines.
You worshipped Hepliaklqana.
Hepliaklqana was exalted by your worship.
You were not hungry.

You visited 4 branches of the dungeon, and saw 17 of its levels.
You also visited: Ossuary and Ice Cave.

You collected 1302 gold pieces.

Inventory:

Hand Weapons
 r - a +1 dagger of venom
Missiles
 v - 3 curare-tipped needles
 B - a throwing net (quivered)
Armour
 a - a +2 scale mail
 y - a +0 buckler
 N - a +1 helmet (worn)
 Q - a +3 plate armour (worn)
 W - a +1 pair of boots (worn)
Jewellery
 i - a +4 ring of dexterity (right claw)
 o - an amulet of faith (around neck)
 C - an uncursed ring of ice
 H - a +2 ring of strength
 J - an uncursed ring of flight
 R - a ring of protection from cold (left claw)
 V - an uncursed ring of stealth
Wands
 h - a wand of paralysis (6/24)
 q - a wand of polymorph (15/24)
 z - a wand of flame (13/48)
 M - a wand of confusion (9/48)
 P - a wand of lightning (3/15)
 S - a wand of slowing (34/48)
 T - a wand of digging (15/24)
 U - a wand of acid (3/15)
 X - a wand of lightning (6/15)
Scrolls
 b - 11 scrolls of teleportation
 e - 5 scrolls of remove curse
 j - 2 scrolls of magic mapping
 k - 2 scrolls of blinking
 p - 4 scrolls of enchant armour
 x - 6 scrolls of noise {unknown}
 A - 2 scrolls of enchant weapon
 E - 2 scrolls of immolation {unknown}
 G - 2 scrolls of fear
 I - 3 scrolls of recharging
 K - 3 scrolls of brand weapon
Potions
 c - 10 potions of curing
 d - 2 potions of haste {unknown}
 g - a potion of cancellation
 m - 2 potions of heal wounds
 s - 4 potions of invisibility
 t - 4 potions of brilliance
 u - 4 potions of agility
Books
 L - a manual of Spellcasting
Miscellaneous
 O - a phial of floods
 Y - a box of beasts
Comestibles
 f - 8 meat rations
 l - 5 beef jerkies
 w - a royal jelly
 D - 7 chunks of flesh
 F - 5 slices of pizza


   Skills:
 - Level 13.9 Fighting
   Level 1.0 Long Blades
   Level 1.0 Axes
 - Level 13.2 Armour
 - Level 6.1 Dodging
 - Level 1.1 Stealth
 - Level 1.0 Shields
 - Level 15.1 Unarmed Combat
 + Level 6.4 Invocations


You had 13 spell levels left.
You didn't know any spells.

Dungeon Overview and Level Annotations

Branches:
Dungeon (9/15)             Temple (1/1) D:7            Lair (6/6) D:9
  Swamp (0/4) Lair:2       Spider (0/4) Lair:3        Slime (0/5) Lair:5
    Orc (1/2) D:9

Altars:
Cheibriados
Fedhas
Gozag
Hepliaklqana
Kikubaaqudgha
Makhleb
Nemelex Xobeh
Okawaru
Qazlal
Ru
Sif Muna
Vehumet
Xom
Yredelemnul
Zin
The Shining One

Shops:
D:8 ?*(

Annotations:
Lair:2 1 exclusion
Lair:4 exclusion: upstairs
Orc:1 Erolcha


Innate Abilities, Weirdness & Mutations

Your body is rotting away.
You thrive on raw meat.
You are immune to poison.
You have sharp fingernails.
You are carnivorous and can eat meat at any time.
Your flesh is cold resistant. (rC+)
You are immune to negative energy. (rN+++)
You regenerate slowly when monsters are visible.
You are immune to unholy pain and torment.
You can survive without breathing.
Your life essence is reduced. (-10% HP)


Message History

Okay, then.
Okay, then.
As you read the scroll of teleportation, it crumbles to dust.
You feel strangely unstable. Erolcha gestures at you while chanting.
The bolt of cold misses you. The troll bites you. The troll closely misses you.
The troll claws you. Erolcha barely misses you. The troll bites you!
The troll closely misses you. The troll misses you.
Unknown command.
You feel protected.
Toshino Kyoko emerges from the mists of memory!
Erolcha zaps a wand.
The bolt of lightning hits you! You resist.
* * * LOW HITPOINT WARNING * * *
The orc priest invokes the aid of Beogh against you.
Beogh smites you!
* * * LOW HITPOINT WARNING * * *
The troll bites you!
* * * LOW HITPOINT WARNING * * *
The troll claws you but does no damage. The troll claws you!
You die...

### ##.## #... #####..##
##.#.....## #.........#
#.......#####
#..)..<..##.##
##....@.R#...#
#.##..TO.....##
#...#..O.C.....#
##.#.#..(#.##.###
#......o.......###
#.......oo..o.....######
....#...o.o#.......##..#
...##......O......#.....
#.......................#


You could see the friendly Toshino Kyoko the hexer, a stone giant, Erolcha, a
troll, 2 ogres, 4 orc priests and 2 orcs.

Vanquished Creatures
  A frost giant (IceCv)
  5 hydras
  4 catoblepae (Lair:6)
  16 death yaks
  2 elephants (Lair:6)
  5 black mambas
  9 spiny frogs
  2 komodo dragons
  4 rime drakes
  A troll (D:9)
  6 hippogriffs
  16 polar bears
  7 blink frogs
  12 dream sheep
  2 redbacks (Lair:3)
  A wyvern (Lair:1)
  36 yaks
  3 basilisks
  A steam dragon (Lair:6)
  Menkaure (D:7)
  4 swamp worms (Lair:2)
  17 porcupines
  16 water moccasins
  2 swamp drakes (Lair:6)
  2 sky beasts
  5 orc warriors
  2 ice beasts (D:9)
  2 black bears
  8 ogres
  A necrophage (D:9)
  24 wolves
  4 phantoms
  3 centaurs
  12 crocodiles
  11 bullfrogs
  A big kobold (D:8)
  2 scorpions
  6 killer bees (D:9)
  2 howler monkeys (D:8)
  6 crimson imps
  A bullfrog zombie (D:8)
  2 centaur zombies
  A quasit (D:8)
  4 orc priests
  A bullfrog skeleton (D:9)
  A human zombie (Ossuary)
  5 hounds
  A jelly (D:5)
  10 orc wizards
  Jessica (D:2)
  An iguana (D:7)
  6 worker ants
  A big kobold zombie (Ossuary)
  2 mummies (Ossuary)
  3 gnolls (D:4)
  10 adders
  A shadow imp (D:8)
  10 white imps (Lair:1)
  3 oozes
  An adder zombie (Ossuary)
  2 adder skeletons
  6 dart slugs
  6 leopard geckos
  42 orcs
  5 bats
  6 giant cockroaches
  5 goblins
  7 hobgoblins
  10 jackals
  10 kobolds
  5 quokkas
  5 frilled lizards
  A goblin skeleton (D:8)
  2 goblin zombies (Ossuary)
  13 hobgoblin zombies
  2 jackal zombies (Ossuary)
  2 kobold skeletons (D:8)
  9 kobold zombies
  2 leopard gecko skeletons
  9 orc zombies
  A quokka zombie (D:5)
  5 rats
  2 rat zombies (Ossuary)
486 creatures vanquished.

Vanquished Creatures (collateral kills)
  A catoblepas (Lair:6)
  A hydra (Lair:5)
  2 death yaks (Lair:6)
  A hill giant (D:7)
  An elephant (Lair:6)
  A black mamba (Lair:3)
  A spiny frog (Lair:5)
  A rime drake (Lair:6)
  A komodo dragon (Lair:2)
  A blink frog (Lair:5)
  A dream sheep (Lair:6)
  4 yaks
  A basilisk (Lair:4)
  2 swamp worms (Lair:2)
  A water moccasin (Lair:2)
  A sky beast (D:8)
  3 wolves
  3 crocodiles
  A bullfrog (D:7)
  A crimson imp (D:8)
  An iguana (D:8)
  A worker ant (D:7)
  2 killer bee zombies
  2 white imps (Lair:1)
  6 orcs
  An orc skeleton (D:8)
  A butterfly (Lair:4)
43 creatures vanquished.

Vanquished Creatures (others)
  2 wolves (IceCv)
  An orc wizard (Orc:1)
  21 hexers
  2 ancestors
  4 fungi (Lair:4)
  4 plants
34 creatures vanquished.

Grand Total: 563 creatures vanquished

Notes
Turn   | Place    | Note
-------+----------+-------------------------------------------
     0 | D:1      | nono the Ghoul Wanderer began the quest for the Orb.
     0 | D:1      | nono set off with: a +2 scale mail, a scroll of teleportation, a potion of curing, a +0 club, a meat ration
     0 | D:1      | Reached XP level 1. HP: 19/19 MP: 0/0
   267 | D:1      | Reached skill level 1 in Unarmed Combat
   288 | D:1      | Reached XP level 2. HP: 25/25 MP: 1/1
   312 | D:1      | You fall through a shaft!
   320 | D:2      | Reached skill level 2 in Unarmed Combat
   322 | D:2      | Reached XP level 3. HP: 27/31 MP: 2/2
   373 | D:2      | Reached skill level 3 in Unarmed Combat
   667 | D:1      | Reached XP level 4. HP: 38/38 MP: 3/3
   798 | D:2      | Reached skill level 4 in Unarmed Combat
   860 | D:2      | Noticed Jessica
   864 | D:2      | Killed Jessica
   880 | D:2      | Reached XP level 5. HP: 39/45 MP: 4/4
   969 | D:2      | Found an iron altar of Okawaru.
   969 | D:2      | Found a snail-covered altar of Cheibriados.
   993 | D:2      | Found a faded altar of an unknown god.
   995 | D:2      | Found a sacrificial altar of Ru.
   997 | D:2      | Found a faded altar of an unknown god.
  1225 | D:3      | Reached skill level 5 in Unarmed Combat
  1520 | D:3      | Noticed a phantom
  1540 | D:3      | Killed a phantom
  1540 | D:3      | Reached skill level 6 in Unarmed Combat
  1540 | D:3      | Reached XP level 6. HP: 44/51 MP: 5/5
  1734 | D:4      | Found a sand-covered staircase.
  1810 | Ossuary  | Entered an ossuary
  1927 | Ossuary  | Reached skill level 7 in Unarmed Combat
  2041 | Ossuary  | Reached XP level 7. HP: 34/56 MP: 6/6
  2143 | D:4      | Reached skill level 8 in Unarmed Combat
  2687 | D:5      | Entered Level 5 of the Dungeon
  3045 | D:5      | Reached XP level 8. HP: 66/67 MP: 7/7
  3164 | D:5      | Reached skill level 9 in Unarmed Combat
  3309 | D:5      | Reached skill level 5 in Fighting
  4027 | D:6      | Found a sparkling altar of Nemelex Xobeh.
  4228 | D:6      | Reached skill level 10 in Unarmed Combat
  4498 | D:6      | Reached XP level 9. HP: 61/79 MP: 8/8
  4635 | D:7      | Found a staircase to the Ecumenical Temple.
  4644 | Temple   | Entered the Ecumenical Temple
  4680 | Temple   | Became a worshipper of Hepliaklqana the Forgotten
  4821 | D:7      | Found a burning altar of Makhleb.
  4834 | D:7      | Found a deep blue altar of Sif Muna.
  5121 | D:7      | Noticed a hill giant
  5129 | D:7      | Killed a hill giant
  5188 | D:7      | Noticed Menkaure
  5194 | D:7      | Killed Menkaure
  5249 | D:7      | Got a shimmering chain mail
  5260 | D:7      | Identified the +1 chain mail of Moywoc {rC+} (You found it on level 7 of the Dungeon)
  5298 | D:7      | Reached * piety under Hepliaklqana
  5304 | D:7      | Found a sparkling altar of Nemelex Xobeh.
  5584 | D:8      | Found a shimmering altar of Xom.
  5586 | D:8      | Found a burning altar of Makhleb.
  5586 | D:8      | Found an opulent altar of Gozag.
  5588 | D:8      | Found an ancient bone altar of Kikubaaqudgha.
  5588 | D:8      | Found a glowing golden altar of the Shining One.
  5588 | D:8      | Found a stormy altar of Qazlal.
  5645 | D:8      | Found Xotystru's Magic Scroll Shop.
  5688 | D:8      | Reached XP level 10. HP: 73/81 MP: 9/9
  5696 | D:8      | Found a glowing golden altar of the Shining One.
  5741 | D:8      | Found Pylid's General Store.
  5743 | D:8      | Found a blossoming altar of Fedhas.
  5767 | D:8      | Found a stormy altar of Qazlal.
  5802 | D:8      | Reached skill level 5 in Armour
  6155 | D:8      | Found Byzo's Antique Weapon Boutique.
  6286 | D:8      | Found a basalt altar of Yredelemnul.
  6413 | D:9      | Reached ** piety under Hepliaklqana
  6414 | D:9      | Remembered your ancestor Toshino Kyoko as a hexer
  6458 | D:9      | Found a staircase to the Lair.
  6489 | D:9      | Reached skill level 5 in Dodging
  6634 | D:9      | Found an opulent altar of Gozag.
  7196 | D:9      | Found a staircase to the Orcish Mines.
  7303 | Lair:1   | Entered Level 1 of the Lair of Beasts
  7410 | Lair:1   | Reached skill level 10 in Fighting
  7415 | Lair:1   | Noticed an eight-headed hydra
  7438 | Lair:1   | Killed an eight-headed hydra
  7438 | Lair:1   | Reached skill level 11 in Unarmed Combat
  7438 | Lair:1   | Reached XP level 11. HP: 34/90 MP: 10/10
  7528 | Lair:1   | Found a frozen archway.
  7538 | IceCv    | Entered an ice cave
  7732 | IceCv    | Reached *** piety under Hepliaklqana
  7932 | IceCv    | Noticed a death yak
  7952 | IceCv    | Killed a death yak
  7952 | IceCv    | Reached skill level 12 in Unarmed Combat
  8143 | IceCv    | Noticed a frost giant
  8192 | IceCv    | Killed a frost giant
  8192 | IceCv    | Reached XP level 12. HP: 31/98 MP: 11/11
  8475 | Lair:1   | Reached skill level 10 in Armour
  8895 | Lair:1   | Noticed a four-headed hydra
  8902 | Lair:1   | Killed a four-headed hydra
  9042 | Lair:2   | Noticed a seven-headed hydra
  9053 | Lair:2   | Killed a seven-headed hydra
  9287 | Lair:2   | Reached **** piety under Hepliaklqana
 10168 | Lair:2   | Found a staircase to the Swamp.
 10288 | Lair:3   | Reached skill level 13 in Unarmed Combat
 10322 | Lair:3   | Found a hole to the Spider Nest.
 10367 | Lair:3   | Reached XP level 13. HP: 47/107 MP: 12/12
 10879 | Lair:4   | Reached ***** piety under Hepliaklqana
 10937 | Lair:4   | Reached skill level 14 in Unarmed Combat
 11593 | Lair:5   | Found an ancient bone altar of Kikubaaqudgha.
 12019 | Lair:5   | Reached skill level 15 in Unarmed Combat
 12189 | Lair:5   | Found a staircase to the Slime Pits.
 12576 | Lair:6   | Entered Level 6 of the Lair of Beasts
 12950 | Lair:6   | Reached XP level 14. HP: 62/116 MP: 13/13
 13999 | Lair:3   | Reached skill level 1 in Invocations
 14688 | Lair:3   | Reached skill level 5 in Invocations
 14797 | Lair:3   | Got a crystal morningstar
 14798 | Lair:3   | Identified the cursed +2 morningstar of the Hand {antimagic, rC+ Int+2} (You found it on level 3 of the Lair of Beasts)
 15127 | Orc:1    | Entered Level 1 of the Orcish Mines
 15127 | Orc:1    | Reached ****** piety under Hepliaklqana
 15228 | Orc:1    | Noticed a stone giant
 15232 | Orc:1    | Noticed Erolcha
 15270 | Orc:1    | Slain by a troll

Skill      XL: |  1  2  3  4  5  6  7  8  9 10 11 12 13 14 |
---------------+-------------------------------------------+-----
Unarmed Combat | 1 2 3 4 6 7 8 10 11 12 13 15 | 15.1
Fighting       | 4 7 8 10 11 12 13 | 13.9
Armour         | 2 4 6 9 10 11 13 | 13.2
Dodging        | 4 5 6 |  6.1
Invocations    | 6 |  6.4
Long Blades    | |  1.0
Axes           | |  1.0
Stealth        | |  1.1
Shields        | |  1.0

Action                   |  1- 3 |  4- 6 |  7- 9 | 10-12 | 13-15 || total
-------------------------+-------+-------+-------+-------+-------++-------
Melee: Unarmed           |    80 |   259 |   397 |   709 |   655 ||  2100
       Punch             |     1 |     4 |    10 |    30 |    52 ||    97
Invok: Ancestor Identity |       |       |     1 |       |       ||     1
       Recall Ancestor   |       |       |       |     3 |       ||     3
       Ancestor Life: He |       |       |       |     1 |       ||     1
       Transference      |       |       |       |     1 |       ||     1
Evoke: Wand              |       |       |     4 |     8 |     4 ||    16
       Phial of floods   |       |       |       |     1 |       ||     1
       Box of beasts     |       |       |       |       |     1 ||     1
  Use: Potion            |     1 |       |       |     6 |     1 ||     8
       Scroll            |       |       |     9 |     8 |    11 ||    28
 Stab: Confused          |       |       |       |     3 |     3 ||     6
       Petrified         |       |       |       |       |    10 ||    10
       Distracted        |       |       |       |       |     3 ||     3
  Eat: Chunk             |     5 |    14 |    36 |   127 |   122 ||   304
Armor: Scale mail        |    33 |    97 |   112 |       |       ||   242
       Chain mail        |       |       |    40 |   408 |    83 ||   531
       Plate armour      |       |       |    30 |       |   223 ||   253
Dodge: Dodged            |    45 |   111 |   147 |   401 |   250 ||   954
